cohdb
Replays
Latest Replays
All Replays
Popular Replays
Top Player Replays
Match Explorer
How It Works
Community
CoH3 Stats
Reddit
Sign in to upload your games and track your stats! →
Sign in with Steam
Match 44140172
Unlisted
Match 44140172
Overview
Messages
Build Orders
End
Kradschützen Motorcycle Team
Panzergrenadier Squad
Panzergrenadier Squad
Construct Light Support Kompanie
Assault Grenadier Squad
Fire Support Elements
Assault Mechanized Group
Flakvierling Half-track
Selects Panzerjäger Kommand Battlegroup
Selects GrB 39 Grenade Launcher Requisition
Combat Half-tracks
Selects Mine Fields
Selects Defensive Positions
Construct Panzerarmee Kommand
Panzerjäger Squad
Selects Crew Shock Tactics
Assault Mechanized Group
2.5-tonne Medical Truck
Panzer III L Medium Tank
Assault Grenadier Squad
Panzerpioneer Squad
MG34 Team
Insomniac
byronwu
爬爬
Resident Alien
0
0
Comments
sign in to comment!
No comments posted yet!